 Dungeon Crawl Stone Soup version 0.30.1-4-g462c640d31 (webtiles) character file.

Game seed: 11103191226503791298

105 leafyfresh the Changer (level 4, -1/28 HPs)
             Began as an Octopode Transmuter on Sept 13, 2023.
             Slain by Grinder (8 damage)
             ... on level 3 of the Dungeon.
             The game lasted 00:03:49 (1700 turns).

leafyfresh the Changer (Octopode Transmuter)        Turns: 1700, Time: 00:03:50

Health: -1/28      AC:  2    Str:  9    XL:     4   Next: 81%
Magic:  5/7        EV: 19    Int: 17    God:
Gold:   91         SH:  0    Dex: 17    Spells: 3/7 levels left

rFire   . .          .
                       - Unarmed
rCold   . . .        (shield currently unavailable)
rNeg    . . .        (helmet currently unavailable)
rPois   x            (no amulet)
rElec   .            (no ring)
rCorr   .            (no ring)
SInv    .            (no ring)
Will    .....        (no ring)
Stlth   ++           (no ring)
HPRegen 0.24/turn    (no ring)
MPRegen 0.10/turn    (no ring)
                     (no ring)

%: no passive effects
@: spider-form (expiring)
A: venomous fangs, almost no armour, (amphibious), 8 rings, tiny, (camouflage
1), (gelatinous body 1), (nimble swimmer 1), (tentacles)
a: End Transformation


You were on level 3 of the Dungeon.
You were a venomous arachnid creature.
You visited 1 branch of the dungeon, and saw 3 of its levels.

You collected 91 gold pieces.

Inventory:

Hand Weapons
 f - a +1 spear of venom
Magical Staves
 g - a staff of earth
Scrolls
 c - a scroll of fog {unknown}
 d - a scroll of identify {unknown}
 e - a scroll of amnesia {unknown}
Potions
 a - 2 potions of lignification
 b - 2 potions of curing


   Skills:
 - Level 1.4 Fighting
 - Level 2.3 Dodging
 - Level 3.2 Unarmed Combat
 - Level 2.4 Spellcasting
 + Level 4.0 Transmutations


You had 3 spell levels left.
You knew the following spells:

 Your Spells              Type           Power      Damage    Failure   Level
a - Beastly Appendage     Tmut           30%        N/A       12%         1
b - Spider Form           Tmut/Pois      8%         N/A       45%         3

Your spell library contained the following spells:

 Spells                   Type           Power      Damage    Failure   Level
 Wereblood                Tmut           15%        N/A       16%         2
 Ice Form                 Ice/Tmut       8%         N/A       82%         4


Dungeon Overview and Level Annotations

Branches:
Dungeon (3/15)

Altars:

Annotations:
D:3 Grinder


Innate Abilities, Weirdness & Mutations

You are a venomous arachnid creature.
You have venomous fangs.
You are tiny and dextrous.
Your spellcasting is less reliable in this form.
Your armour is entirely melded.
You are incapable of wielding weapons or throwing items.
You cannot wear most types of armour.
((You are amphibious.))
You can wear up to eight rings at the same time.
((Your skin changes colour to match your surroundings (Stealth+).))
((Your rubbery body absorbs attacks. (AC +1, EV +1)))
((You are camouflaged when in or above water. (Stealth+)))
((You have tentacles for arms and can constrict up to eight enemies at once.))


Message History

Confirm with . or Enter, or press ? or * to list all spells.
The spell is quite dangerous to miscast (24% risk of failure)!
Continue anyway?
You turn into a venomous arachnid creature.
Grinder gestures at you.
You suddenly lose the ability to move!
You can move again.
You hit Grinder.
Grinder is lightly wounded.
Grinder barely misses you.
You closely miss Grinder.
Grinder is lightly wounded.
Grinder hits you.
You writhe in agony.
You hit Grinder.
Grinder is poisoned.
Grinder is lightly wounded.
Grinder hits you!
You writhe in agony.
You hit Grinder.
Grinder looks as sick as possible!
Grinder is moderately wounded.
Your transformation is almost over.
Grinder misses you.
You closely miss Grinder.
Grinder is moderately wounded.
Grinder drinks a potion.
Grinder is healed!
Grinder looks more healthy.
You barely miss Grinder.
Grinder is lightly wounded.
Grinder closely misses you.
You hit Grinder.
Grinder is poisoned.
Grinder is moderately wounded.
Grinder misses you.
You hit Grinder.
Grinder is moderately wounded.
Grinder blinks!
Grinder says, "FISH!"
You hit Grinder.
Grinder is heavily wounded.
Grinder hits you.
You writhe in agony.
* * * LOW HITPOINT WARNING * * *
You hit Grinder.
Grinder is severely wounded.
Grinder hits you!
You die...

......##..##..##.#.#
........<.....##.....
######.#.##.#####....
#...#.##.### ....
#.#.#.##...
#..†#.##..#
########.#.##..####
##^.......#...5....#
#....######...s.#
#.........#.....+
#.........#.....#
#.....#####.....#
#####...........#
######.###### #.# #)#
#.#


You could see Grinder (very poisoned).

Vanquished Creatures
  4 gnolls
  2 adders (D:2)
  A worm (D:2)
  A dart slug (D:1)
  4 ball pythons
  7 endoplasms
  A giant cockroach (D:2)
  4 goblins
  A hobgoblin (D:2)
  7 kobolds
  A quokka (D:2)
  7 bats
  A frilled lizard (D:2)
  4 rats
45 creatures vanquished.

Notes
Turn   | Place    | Note
-------+----------+-------------------------------------------
     0 | D:1      | leafyfresh the Octopode Transmuter began the quest for the
                  | Orb.
     0 | D:1      | Reached XP level 1. HP: 13/13 MP: 3/3
   270 | D:1      | Reached XP level 2. HP: 16/18 MP: 3/5
   306 | D:1      | Found a faded altar of an unknown god.
   307 | D:1      | You fall into a shaft and drop 1 floor!
   649 | D:1      | Reached XP level 3. HP: 21/23 MP: 4/6
  1025 | D:2      | Reached skill level 3 in Transmutations
  1094 | D:1      | Reached XP level 4. HP: 11/28 MP: 5/7
  1267 | D:1      | Learned a level 3 spell: Spider Form
  1605 | D:3      | Reached skill level 4 in Transmutations
  1684 | D:3      | Noticed Grinder
  1687 | D:3      | Paralysed by Grinder for 2 turns
  1700 | D:3      | Slain by Grinder

Illustrated notes

Levels and vault maps discovered:
D:1:      tarquinn_simple_flora_water_b, layout_basic, basic_ecumenical_altar,
          nrook_loot_triangle
D:2:      layout_rooms
D:3:      layout_basic, biasface_ghost_orc_armoury, guppyfry_early_orc_mine,
          uniq_grinder

Skill      XL: |  1  2  3  4 |
---------------+-------------+-----
Transmutations | 3 4 |  4.0
Fighting       | |  1.4
Dodging        | |  2.3
Unarmed Combat | |  3.2
Spellcasting   | |  2.4

Action                     |  1- 3 |  4- 6 || total
---------------------------+-------+-------++-------
  Melee: Unarmed           |    72 |    41 ||   113
         Constrict         |    17 |     3 ||    20
         Tentacles         |    13 |     3 ||    16
         Kick              |    14 |       ||    14
         Punch             |       |     1 ||     1
   Cast: Beastly Appendage |    12 |       ||    12
         Spider Form       |       |     4 ||     4
   Stab: Sleeping          |     3 |     2 ||     5
 Armour: Skin              |    11 |     1 ||    12
  Dodge: Dodged            |    35 |    27 ||    62
